 Dungeon Crawl Stone Soup version 0.31.0-12-g77e489cdc1 (webtiles) character file.

Game seed: 10564051113417613948

109 Maffolandro the Caller (level 4, -3/36 HPs)
             Began as an Armataur Hedge Wizard on Feb 18, 2024.
             Slain by Terence
             ... wielding a +3 flail
              (11 damage)
             ... on level 3 of the Dungeon.
             The game lasted 00:07:47 (2457 turns).

Maffolandro the Caller (Armataur Hedge Wizard)      Turns: 2457, Time: 00:07:47

Health: -3/36      AC:  8    Str: 19    XL:     4   Next: 59%
Magic:  8/8        EV:  8    Int: 14    God:
Gold:   136        SH:  0    Dex: 10    Spells: 5/8 levels left

rFire   + . .        a - +0 flail
rCold   . . .        (no shield)
rNeg    . . .        v - +3 ring mail of the Cooper {-Cast rElec rF+ Str+2}
rPois   .            c - +0 hat
rElec   +            (no cloak)
rCorr   .            (no gloves)
SInv    .            (no barding)
Will    .....        (no amulet)
Stlth   +            (no ring)
HPRegen 0.26/turn    (no ring)
MPRegen 0.11/turn

%: no spellcasting, roll
@: no status effects
A: large, deformed body, tough skin 3, armoured tail, roll 1
a: no special abilities


You were on level 3 of the Dungeon.
You visited 1 branch of the dungeon, and saw 3 of its levels.

You collected 136 gold pieces.

Inventory:

Hand Weapons
 a - a +0 flail (weapon)
Armour
 b - a +0 robe
 c - a +0 hat (worn)
 e - a +1 ring mail of cold resistance
 g - an orb of mayhem
 h - a +0 plate armour
 v - the +3 ring mail of the Cooper (worn) {-Cast rElec rF+ Str+2}
   (You found it on level 2 of the Dungeon)

   Str+2:     It affects your strength (+2).
   rF+:       It protects you from fire.
   rElec:     It insulates you from electricity.
   -Cast:     It prevents spellcasting.
Scrolls
 f - 4 scrolls of identify {unknown}
 i - a scroll of fear {unknown}
 k - 2 scrolls of enchant armour {unknown}
 n - a scroll of vulnerability {unknown}
 o - a scroll of teleportation {unknown}
 p - a scroll of noise {unknown}
 q - a scroll of silence {unknown}
 s - a scroll of enchant weapon {unknown}
 u - a scroll of amnesia {unknown}
 w - a scroll of blinking {unknown}
Potions
 d - a potion of magic
 j - 2 potions of enlightenment {unknown}
 l - a potion of attraction {unknown}
 m - a potion of lignification {unknown}
 r - a potion of curing {unknown}
 t - a potion of haste {unknown}
 x - a potion of degeneration {unknown}


   Skills:
 * Level 1.9 Fighting
 - Level 1.3 Dodging
 - Level 2.1 Stealth
 - Level 2.6 Spellcasting
 - Level 0.8 Conjurations
 - Level 3.1 Summonings
 - Level 1.0 Translocations


You had 5 spell levels left.
You knew the following spells:

 Your Spells              Type           Power      Damage    Failure   Level
a - Magic Dart            Conj           16%        1d3       26%         1
b - Call Imp              Summ           20%        N/A       16%         2

Your spell library contained the following spells:

 Spells                   Type           Power      Damage    Failure   Level
 Call Canine Familiar     Summ           10%        N/A       32%         3
 Slow                     Hex            4%         N/A       36%         1
 Blink                    Tloc           8%         N/A       36%         2
 Cigotuvi's Dreadful Rot  Necr/Alch/Air  2%         N/A       50%         2
 Mephitic Cloud           Conj/Alch/Air  2%         N/A       71%         3
 Sigil of Binding         Hex            1%         N/A       75%         3
 Dimensional Bullseye     Hex/Tloc       1%         N/A       97%         4


Dungeon Overview and Level Annotations

Branches:
Dungeon (3/15)

Altars:

Annotations:
D:3 Terence


Innate Abilities, Weirdness & Mutations

Armour fits poorly on your strangely shaped body.
You have extremely tough skin. (AC +3)
You have a long armoured tail.
You regenerate magic when rolling toward enemies. (Rampage MPRegen)


Message History

Terence and a kobold come into view.
The kobold is wielding a +2 dagger of electrocution.
The kobold shouts!
The kobold throws a stone.
The stone hits you but does no damage.
You closely miss the kobold.
The kobold hits you but does no damage. x2
You closely miss the kobold.
The kobold hits you with a +2 dagger of electrocution.
You hit the kobold.
You kill the kobold!
Terence screams, "I want your blood!" Terence hits you with a +3 flail.
You thump Terence!
Terence is heavily wounded.
Terence hits you with a +3 flail.
You closely miss Terence.
Terence is heavily wounded.
Terence hits you with a +3 flail.
You barely miss Terence.
Terence is heavily wounded.
Terence closely misses you. Terence barely misses you.
You barely miss Terence.
Terence is heavily wounded.
Terence screams, "I'm going to kill you!"
Terence barely misses you.
You hit Terence but do no damage.
Your tail-slap misses Terence.
Terence is heavily wounded.
Terence hits you with a +3 flail. Terence hits you with a +3 flail!
You hit Terence.
Terence is heavily wounded.
Terence hits you with a +3 flail!
* * * LOW HITPOINT WARNING * * *
Sorry, you're not good enough to have a special ability.
Unknown command.
Terence attacks as he pursues you! Terence closely misses you.
You see here a +0 kite shield.
Terence bares his teeth.
Terence attacks as he pursues you! Terence barely misses you.
Terence attacks as he pursues you! Terence hits you with a +3 flail!
You die...
Terence says, "Time to find some more victims."

### ..# #.# #########
#.#####.......# #.............#
############ .....##.####..#
#..........#
####.##.####..########.########.#
#.##.##......@@..[........##)#
#..........########.#####.##.#
####.#<#.#.## #.# #.##.#
#..##>#..# #.# ###.##.#
#.....>..# #.# #...##.#
...#.##.##.# #.# #.####.#
###.#.#(#.## #.# #.# #.#
#.##...#### #.# #.# #
...........)######.###)####.#


You could see Terence.

Vanquished Creatures
  A gnoll (D:2)
  2 adders
  A ribbon worm (D:3)
  An orc (D:2)
  2 bats (D:2)
  4 endoplasms
  2 giant cockroaches (D:1)
  8 hobgoblins
  8 jackals
  3 quokkas (D:2)
  6 ball pythons
  3 frilled lizards
  8 goblins
  5 kobolds
  3 rats
57 creatures vanquished.

Vanquished Creatures (collateral kills)
  An adder (D:2)
  A dart slug (D:2)
  A bat (D:2)
3 creatures vanquished.

Grand Total: 60 creatures vanquished

Notes
Turn   | Place    | Note
-------+----------+-------------------------------------------
     0 | D:1      | Maffolandro the Armataur Hedge Wizard began the quest for
                  | the Orb.
     0 | D:1      | Reached XP level 1. HP: 14/14 MP: 4/4
    59 | D:1      | Reached skill level 1 in Summonings
   241 | D:1      | Reached XP level 2. HP: 20/20 MP: 3/5
   244 | D:1      | Learned a level 2 spell: Call Imp
   410 | D:1      | Reached skill level 2 in Summonings
   914 | D:2      | Reached XP level 3. HP: 21/26 MP: 1/7
  1530 | D:2      | Reached skill level 3 in Summonings
  1579 | D:2      | Reached XP level 4. HP: 33/34 MP: 6/8
  1875 | D:2      | Identified the +3 ring mail of the Cooper {-Cast rElec rF+
                  | Str+2}
  1947 | D:2      | Reached skill level 1 in Fighting
  2432 | D:3      | Noticed Terence
  2457 | D:3      | Slain by Terence

Illustrated notes

Levels and vault maps discovered:
D:1:      eino_arrival_cavern_d, layout_rooms
D:2:      layout_loops_ring, chequers_serial_rivers_micro_b,
          minmay_joined_circles
D:3:      layout_loops_ring, st_stairs_6, uniq_terence

Skill      XL: |  1  2  3  4 |
---------------+-------------+-----
Summonings     | 1 2 3 |  3.1
Fighting       | 1 |  1.9
Dodging        | |  1.3
Stealth        | |  2.1
Spellcasting   | |  2.6
Conjurations   | |  0.8
Translocations | |  1.0

Action                     |  1- 3 |  4- 6 || total
---------------------------+-------+-------++-------
  Melee: Dagger            |    58 |       ||    58
         Tailslap          |    13 |     9 ||    22
         Whip              |    23 |       ||    23
         Flail             |    49 |    81 ||   130
   Cast: Magic Dart        |    38 |       ||    38
         Call Imp          |     5 |     2 ||     7
 Armour: Robe              |    30 |       ||    30
         Ring mail         |    77 |    77 ||   154
  Dodge: Dodged            |    51 |    35 ||    86
